 Dungeon Crawl Stone Soup version 0.28.0-62-gf88900778d (webtiles) character file.

Game seed: 3076862440097391980

31 Froggeryz the Skirmisher (level 3, -2/26 HPs)
             Began as an Octopode Berserker on Aug 13, 2023.
             Was a Believer of Trog.
             Slain by a goblin
             ... wielding a +0 dagger
             ... led by Robin
              (6 damage)
             ... on level 2 of the Dungeon.
             The game lasted 00:01:01 (1237 turns).

Froggeryz the Skirmisher (Octopode Berserker)       Turns: 1237, Time: 00:01:01

Health: -2/26      AC:  1    Str: 16    XL:     3   Next: 22%
Magic:  3/3        EV: 13    Int:  9    God:    Trog [**....]
Gold:   60         SH:  0    Dex: 13    Spells: 2/2 levels left

rFire   . . .      SeeInvis .   a - +0 short sword
rCold   . . .      Faith    .   (no shield)
rNeg    . . .      Spirit   .   (helmet restricted)
rPois   .          Reflect  .   (no amulet)
rElec   .          Harm     .   (no ring)
rCorr   .          Rampage  .   (no ring)
Will    .....                   (no ring)
Stlth   +++.......              (no ring)
HPRegen 0.08/turn               (no ring)
MPRegen 0.08/turn               (no ring)
                                (no ring)
                                (no ring)

@: no status effects
A: almost no armour, amphibious, 8 rings, camouflage 1, gelatinous body 1,
(nimble swimmer 1), tentacles
a: Renounce Religion, Berserk, Trog's Hand


You were on level 2 of the Dungeon.
You worshipped Trog.
Trog was pleased with you.
You visited 1 branch of the dungeon, and saw 2 of its levels.

You collected 60 gold pieces.

Inventory:

Hand Weapons
 a - a +0 short sword (weapon)
Missiles
 f - 2 poisoned darts (quivered)
Jewellery
 e - a ring of positive energy
Scrolls
 c - a scroll of immolation {unknown}
Potions
 b - a potion of degeneration {unknown}
 d - 2 potions of lignification {unknown}


   Skills:
 + Level 3.4 Fighting
 + Level 3.4 Short Blades
 - Level 3.0 Dodging
 + Level 2.1 Stealth


You had 2 spell levels left.
You didn't know any spells.
Your spell library was empty.

Dungeon Overview and Level Annotations

Branches:
Dungeon (2/15)

Altars:

Annotations:
D:2 Robin


Innate Abilities, Weirdness & Mutations

You cannot wear most types of armour.
You are amphibious.
You can wear up to eight rings at the same time.
Your skin changes colour to match your surroundings (Stealth+).
Your rubbery body absorbs attacks. (AC +1, EV +1)
((You are camouflaged when in or above water. (Stealth+)))
You have tentacles for arms and can constrict up to eight enemies at once.


Message History

The goblin shouts! x3; Robin shouts!
You hear a shout!
Robin throws the goblin at you!
A goblin comes into view. It is wielding a +0 club.
You barely miss the goblin.
The goblin shouts!
Your grab misses the goblin. The goblin misses you.
A hobgoblin comes into view.
You hit the goblin. Your grab misses the goblin.
The goblin is severely wounded.
You closely miss the goblin. Your grab misses the goblin.
Your squeeze misses the goblin.
The goblin is severely wounded.
The goblin closely misses you. x2
Robin roars a battlecry!
The goblins go into a battle-frenzy!
You closely miss the goblin. You grab the goblin.
The goblin is severely wounded.
You constrict the goblin.
You kill the goblin!
Trog accepts your kill. The goblin hits you with a +0 dagger.
You barely miss the goblin. You grab the goblin. You constrict the goblin.
A goblin comes into view. It is wielding a +0 club.
The goblin barely misses you. The goblin misses you. x2
The goblin shouts!
You hit the goblin.
You kill the goblin!
Trog accepts your kill. The goblin hits you with a +0 club!
The goblin hits you with a +0 dagger. Robin throws the goblin at you!
The goblin hits you with a +0 dagger.
* * * LOW HITPOINT WARNING * * *
You barely miss the goblin. Your grab misses the goblin.
The goblin barely misses you.
You hit the goblin. Your grab misses the goblin.
Your squeeze misses the goblin.
The goblin is moderately wounded.
The goblin barely misses you. The goblin hits you with a +0 dagger.
* * * LOW HITPOINT WARNING * * *
The goblin hits you with a +0 dagger.
You die...

# ##.########
#...gg@g..#
###..##g###.#######
#....).g...>......#
#g....).###.#####.#
...#...### #.# #.#
# #..# #.# ##.# #..
..# #..# ##. ###
#.## ##+## #.#


You could see Robin, a hobgoblin (strong) and 3 goblins.

Vanquished Creatures
  2 bats (D:1)
  4 endoplasms (D:1)
  6 goblins
  5 hobgoblins
  A quokka (D:1)
  3 ball pythons
  5 frilled lizards
  2 rats (D:1)
28 creatures vanquished.

Notes
Turn   | Place    | Note
-------+----------+-------------------------------------------
     0 | D:1      | Froggeryz the Octopode Berserker began the quest for the
                  | Orb.
     0 | D:1      | Reached XP level 1. HP: 16/16 MP: 1/1
    73 | D:1      | Reached skill level 1 in Stealth
   292 | D:1      | Reached XP level 2. HP: 15/21 MP: 2/2
   869 | D:1      | Reached XP level 3. HP: 26/26 MP: 3/3
  1187 | D:2      | Reached ** piety under Trog
  1227 | D:2      | Noticed Robin
  1237 | D:2      | Slain by a goblin

Illustrated notes

Levels and vault maps discovered:
D:1:      scummos_arrival_forest, layout_basic
D:2:      layout_loops_corners, kennysheep_cluttered_room,
          minmay_misc_feat_more_columns, uniq_robin

Skill      XL: |  1  2 |
---------------+-------+-----
Stealth        | 1 2 |  2.1
Fighting       | |  3.4
Short Blades   | |  3.4
Dodging        | |  3.0

Action                   || total
-------------------------++-------
Melee: Short sword       ||    58
       Constrict         ||    11
       Tentacles         ||     6
       Punch             ||     1
 Stab: Sleeping          ||     5
Armor: Skin              ||     3
Dodge: Dodged            ||    33
